 Dungeon Crawl Stone Soup version 0.29.1-15-g9cfb28693d (webtiles) character file.

Game seed: 14258417732664631521

12 Sanktem7 the Grasshopper (level 2, -3/14 HPs)
             Began as a Spriggan Warper on Mar 14, 2023.
             Slain by a scorpion (4 damage)
             ... on level 5 of the Dungeon.
             The game lasted 00:03:46 (1608 turns).

Sanktem7 the Grasshopper (Spriggan Warper)          Turns: 1608, Time: 00:03:46

Health: -3/14      AC:  2    Str:  7    XL:     2   Next: 20%
Magic:  0/6        EV: 17    Int: 14    God:
Gold:   57         SH:  0    Dex: 14    Spells: 4/6 levels left

rFire   . . .      SeeInvis +   a - +0 short sword {short}
rCold   . . .      Faith    .   (no shield)
rNeg    . . .      Spirit   .   b - +0 robe
rPois   .          Reflect  .   (helmet restricted)
rElec   .          Harm     .   (no cloak)
rCorr   .          Rampage  .   (gloves unavailable)
Will    .....                   (boots unavailable)
Stlth   ++........              (no amulet)
HPRegen 0.04/turn               (no ring)
MPRegen 0.10/turn               (no ring)

@: on blink cooldown, very slightly contaminated, very quick
A: very small, no large weapons, unfitting armour, see invisible, speed 3
a: no special abilities


You were on level 5 of the Dungeon.
You visited 1 branch of the dungeon, and saw 5 of its levels.

You collected 57 gold pieces.


Innate Abilities, Weirdness & Mutations

You are very small and have problems with some larger weapons.
You are too small for most types of armour.
You have supernaturally acute eyesight. (SInv)
You cover ground extremely quickly. (Speed+++)


   Skills:
 - Level 1.5 Fighting
 - Level 2.1 Short Blades
 - Level 1.0 Throwing
 + Level 3.4 Dodging
 * Level 2.2 Stealth
 - Level 2.6 Spellcasting
 + Level 4.6 Translocations


You had 4 spell levels left.
You knew the following spells:

 Your Spells              Type           Power      Damage    Failure   Level
a - Blink                 Tloc           30%        N/A       4%          2

Your spell library contained the following spells:

 Spells                   Type           Power      Damage    Failure   Level
 Gell's Gravitas          Tloc           15%        N/A       10%         3
 Lesser Beckoning         Tloc           15%        N/A       10%         3
 Teleport Other           Tloc           15%        N/A       10%         3
 Manifold Assault         Tloc           15%        N/A       65%         5

Inventory:

Hand Weapons
 a - a +0 short sword (weapon) {short}
Missiles
 d - 7 boomerangs of dispersal (quivered) {=f!fthrowing}
 e - 7 stones {throwing}
 g - 4 poisoned darts {throwing}
Armour
 b - a +0 robe (worn)
Scrolls
 c - a scroll of blinking {!r}
 f - a scroll of magic mapping {unknown}
 h - a scroll of identify {unknown}
 k - a scroll of fear {unknown}
Potions
 i - a potion of invisibility {unknown}
 j - a potion of mutation {unknown}

Dungeon Overview and Level Annotations

Branches:
Dungeon (5/15) Zot: 26971
 Temple: D:4-7

Altars:

Shops:
D:4

( #≈..#.~≈≈~#. #.
#≈..#~~≈≈~.. #.
##≈..#~≈≈~~#. #.≈
≈≈..#~≈≈~##. #.#
#..~~≈≈~##. #.#
####.?~≈≈~~##.
#.####..88~~≈≈~88..
#.#................
#.@s...............
#(l5....88~≈≈~~88..
#......###~≈≈~...#.
##.#...###~~≈≈~.....
#$§....# #~≈≈~~.....
#..#...# #~≈≈~.###..
#.#...#.# ~~≈≈~.#
#.. #.#.###..# ~~
#.# #.# . ..# ..


You could see a scorpion, an iguana and an ufetubus.


Message History

The gnoll shouts!
You hear a shout!
You hear an angry hiss. 😎 MP[-2]
You lost 2 mp, and now have 4/6 mp.
Casting: Blink (safe; 4% risk of failure)
Confirm with . or Enter, or press ? or * to list all spells.
You blink.
The ball python hisses angrily.
The ball python closely misses you. x2 😎 MP[-2]
You lost 2 mp, and now have 2/6 mp.
Found Fasess's Weapon Emporium.
You feel stable enough to blink again.
The gnoll bouda barks out a call to the hunt!
The gnolls pick up the pace!
Your magical contamination has completely faded away.
A ball python comes into view. 😎 MP[+1]
The ball python hisses angrily.
You hear an angry hiss.
An adder comes into view.
The adder hisses angrily.
The adder moves out of view.
The ball python misses you. The ball python closely misses you.
The adder bites you but does no damage.
An endoplasm comes into view.
Found a stone staircase leading down.
A hobgoblin comes into view.
The endoplasm quivers.
The endoplasm freezes you.
You are frozen. 😮 HP[-5]
You take 5 damage, and now have 9/14 hp.
MASSIVE DAMAGE!! (PAUSE)
There is a stone staircase leading down here.
The endoplasm completely misses you.
You climb downwards.
There is a stone staircase leading up here.
You barely miss the endoplasm. The endoplasm freezes you.
You are frozen.
* * * LOW HITPOINT WARNING * * *
😨 HP[-2] MP[+1]
You take 2 damage, and now have 7/14 hp.
You barely miss the endoplasm.
The ufetubus shouts!
The endoplasm barely misses you. 😮 HP[+1]
You hit the endoplasm but do no damage. The endoplasm barely misses you.
You hit the endoplasm. The endoplasm freezes you.
You are frozen.
* * * LOW HITPOINT WARNING * * *
😨 HP[-1]
You take 1 damage, and now have 7/14 hp.
You hit the endoplasm but do no damage. The endoplasm hits you.
* * * LOW HITPOINT WARNING * * *
😨 HP[-3]
You take 3 damage, and now have 4/14 hp.
MASSIVE DAMAGE!! (PAUSE)
You hit the endoplasm.
You kill the endoplasm!
The ufetubus completely misses you. The ufetubus misses you.
The ufetubus closely misses you. x2
You hit the ufetubus but do no damage.
The ufetubus hits you but does no damage.
The ufetubus hits you.
* * * LOW HITPOINT WARNING * * *
😱 HP[-2]
You take 2 damage, and now have 2/14 hp.
You closely miss the ufetubus. The ufetubus misses you.
The ufetubus barely misses you.
Casting: Blink (safe; 4% risk of failure)
Confirm with . or Enter, or press ? or * to list all spells.
You blink.
The ufetubus misses you.
The ufetubus closely misses you. 😱 MP[-2]
You lost 2 mp, and now have 2/6 mp.
A scorpion comes into view. 😱 MP[+1]
You feel stable enough to blink again.
You hit the scorpion. The scorpion completely misses you.
The ufetubus misses you. x2; The scorpion closely misses you.
The ufetubus closely misses you. x2 😱 MP[+1]
An iguana comes into view.
The iguana hisses angrily.
Casting: Blink (safe; 4% risk of failure)
Confirm with . or Enter, or press ? or * to list all spells.
You miscast Blink.
You are very lightly contaminated with residual magic.
Nothing appears to happen.
The ufetubus completely misses you.
The ufetubus closely misses you. 😱 MP[-2]
You lost 2 mp, and now have 2/6 mp.
Casting: Blink (safe; 4% risk of failure)
Confirm with . or Enter, or press ? or * to list all spells.
You blink.
The iguana bites you.
* * * LOW HITPOINT WARNING * * *
The ufetubus barely misses you. x2; The scorpion stings you.
You die...

Skill      XL: |  1 |
---------------+----+-----
Stealth        | 2 |  2.2
Fighting       | |  1.5
Short Blades   | |  2.1
Throwing       | |  1.0
Dodging        | |  3.4
Spellcasting   | |  2.6
Translocations | |  4.6

Action                   || total
-------------------------++-------
Melee: Short sword       ||    68
       Punch             ||     1
 Cast: Blink             ||     4
 Stab: Sleeping          ||     1
Armor: Robe              ||     7
Dodge: Dodged            ||    76

Levels and vault maps discovered:
D:1:      spicycebolla_green_bress_n_ham, layout_basic,
          ebering_ecumenical_altar_sacrificial, chequers_serial_rivers_small_3
D:2:      layout_loops_ring, basic_altar
D:3:      layout_basic, serial_shops, shop
D:4:      minmay_evil_eye, layout_loops_ring, serial_shops,
          nicolae_shop_waterfront, hangedman_decor_push
D:5:      wander_river, layout_loops_ring, nicolae_overflow_two_pavilions,
          temple_statues, gammafunk_ghost_split

Notes
Turn   | Place    | Note
-------+----------+-------------------------------------------
     0 | D:1      | Sanktem7 the Spriggan Warper began the quest for the Orb.
     0 | D:1      | Reached XP level 1. HP: 10/10 MP: 5/5
     0 | D:1      | magus.rc [v1.9.6]
   158 | D:1      | Reached skill level 1 in Stealth
   947 | D:1      | Reached skill level 2 in Stealth
   947 | D:1      | Reached XP level 2. HP: 14/14 MP: 6/6
   970 | D:1      | HP: 3/14 [quokka (3)]
  1011 | D:1      | HP: 1/14 [quokka (3)]
  1061 | D:1      | HP: 1/14 [quokka (2)]
  1097 | D:1      | Learned a level 2 spell: Blink
  1125 | D:1      | You fall into a shaft and drop 1 floor!
  1226 | D:3      | HP: 3/14 [goblin/+0 club (2)]
  1504 | D:3      | Found the +7 Kryia's mail coat {PotionHeal*2 rC+}
  1547 | D:4      | Found Fasess's Weapon Emporium.
  1571 | D:5      | Entered Level 5 of the Dungeon
  1578 | D:5      | HP: 2/14 [ufetubus (2)]
  1582 | D:5      | Noticed a scorpion
  1608 | D:5      | HP: 1/14 [iguana (2)]
  1608 | D:5      | Slain by a scorpion

Vanquished Creatures
  A ball python (D:1)
  2 endoplasms
  2 goblins
  A hobgoblin (D:1)
  A quokka (D:1)
  2 bats (D:1)
  A kobold (D:1)
  A rat (D:1)
11 creatures vanquished.

Table legend:
 A = Non-vault XP
 B = Vault XP
 C = Vault XP percentage of total XP
 D = Non-vault monster count
 E = Vault monster count
 F = Vault count percentage of total count
                 A         B        C        D         E       F
            +---------+---------+-------+---------+---------+-------
      Total |      18 |       0 |   0.0 |      11 |       0 |   0.0
            +---------+---------+-------+---------+---------+-------
        D:1 |      14 |       0 |   0.0 |       9 |       0 |   0.0
        D:3 |       2 |       0 |   0.0 |       1 |       0 |   0.0
        D:5 |       2 |       0 |   0.0 |       1 |       0 |   0.0
            +---------+---------+-------+---------+---------+-------

Illustrated notes

Table legend:
 A = Kills in this place as a percentage of kills in entire the game.
 B = Kills by you in this place as a percentage of kills by you in the entire game.
 C = Kills by friends in this place as a percentage of kills by friends in the entire game.
 D = Other kills in this place as a percentage of other kills in the entire game.
 E = Experience gained in this place as a percentage of experience gained in the entire game.
 F = Experience gained in this place divided by the number of levels of this place that you have seen.
                   A       B       C       D       E      F
               +-------+-------+-------+-------+-------+----------------------
         Total | 100.0 | 100.0 |   N/A |   N/A | 100.0 |   3.6
       Dungeon | 100.0 | 100.0 |   N/A |   N/A | 100.0 |   3.6
               +-------+-------+-------+-------+-------+----------------------

Table legend: (Time is in decaauts)
 A = Elapsed time spent in this place.
 B = Non-inter-level travel time spent in this place.
 C = Inter-level travel time spent in this place.
 D = Time resting spent in this place.
 E = Time spent auto-exploring this place.
 F = Levels seen in this place.
 G = Mean time per level.
                   A        B        C        D        E       F      G
               +--------+--------+--------+--------+--------+-----+--------+
         Total |   1325 |   1325 |      0 |    270 |    722 |   5 |  265.0 |
       Dungeon |   1325 |   1325 |      0 |    270 |    722 |   5 |  265.0 |
               +--------+--------+--------+--------+--------+-----+--------+

Top non-repeatable levels by time:
     D:1: 917 daAuts
     D:3: 306 daAuts
     D:2: 54 daAuts
     D:5: 27 daAuts
     D:4: 19 daAuts
